 Dungeon Crawl Stone Soup version 0.24-a0-434-gd57e52fea8 (webtiles) character file.

Game seed: 13763615833909729613

81795 MachJacob the Fighter (level 15, -5/115 HPs)
             Began as an Ogre Ice Elementalist on June 17, 2019.
             Was a High Priest of the Shining One.
             Killed by divine providence
             ... invoked by a smoke demon
              (16 damage)
             ... on level 3 of the Abyss.
             The game lasted 02:17:11 (40931 turns).

MachJacob the Fighter (Ogre Ice Elementalist)      Turns: 40931, Time: 02:17:12

Health: -5/115     AC: 24    Str: 12    XL:     15   Next: 71%
Magic:  15/19      EV:  7    Int: 17    God:    the Shining One [*****.]
Gold:   1846       SH: 15    Dex: 11    Spells: 23/32 levels left

rFire    x . .     SeeInvis +   a - +5 dagger (venom)
rCold    + + +     Gourm    .   A - +2 shield
rNeg     + + .     Faith    .   K - +6 ice dragon scales
rPois    +         Spirit   .   Y - +2 hat {SInv}
rElec    .         Reflect  +   U - +1 cloak
rCorr    .         Harm     .   (gloves unavailable)
MR       +....     Rnd*Rage +   (boots unavailable) Stlth ..........Rnd*Tele +
                                Z - +3 amulet of reflection
HPRegen  0.00/turn              V - ring of Omihiveiw {rPois rC+}
MPRegen  0.16/turn              n - ring of wizardry

@: berserk cooldown, non-regenerating, mildly diseased, slowed, glowing, very
slow
A: large, unfitting armour, [berserk 3], [blurry vision 1], [deterioration 1],
[dopey 1], [frail 3], [low mp 3], [screaming 2], [teleportitis 2], tough skin 1,
[weak 2], no potion heal 1[+1], [subdued magic 3]
a: Divine Shield, Cleansing Flame, Summon Divine Warrior, Renounce Religion


You were on level 3 of the Abyss.
You worshipped the Shining One.
The Shining One was extremely pleased with you.
You were very hungry.

You visited 4 branches of the dungeon, and saw 23 of its levels.
You visited the Abyss 1 time.
You also visited: Ice Cave.

You collected 1846 gold pieces.

Inventory:

Hand Weapons
 a - a +5 dagger of venom (weapon)
   (You took it off Jessica on level 3 of the Dungeon)
 b - a +1 dagger of holy wrath
   (You took it off an orc wizard on level 7 of the Dungeon)
 P - a +0 trident of flaming
   (You found it on level 6 of the Lair of Beasts)
Missiles
 h - 581 stones (quivered)
 G - 7 throwing nets {!f}
 X - 20 large rocks
Armour
 A - a +2 shield (worn)
   (You found it on level 5 of the Dungeon)
 D - the +2 cloak of the Turtledove {+Fly rPois MR- Int+2}
   (You acquired it on level 8 of the Dungeon)

   It affects your intelligence (+2).
   It protects you from poison.
   It affects your resistance to hostile enchantments.
   It lets you fly.
 K - +6 ice dragon scales (worn)
   (You acquired it on level 7 of the Dungeon)
 U - a +1 cloak (worn)
   (You found it on level 6 of the Lair of Beasts)
 Y - a +2 hat of see invisible (worn)
   (You took it off Gastronok on level 11 of the Dungeon)
Magical Staves
 q - an uncursed staff of energy {!a}
   (You found it on level 13 of the Dungeon)
 w - an uncursed staff of wizardry {!a}
   (You found it in an ice cave)
Jewellery
 n - a ring of wizardry (right hand)
   (You found it on level 1 of the Dungeon)
 s - an uncursed ring of resist corrosion
   (You found it on level 2 of the Dungeon)
 x - an uncursed ring of flight
   (You found it on level 3 of the Dungeon)
 H - an uncursed ring of fire
   (You found it on level 6 of the Dungeon)
 V - the ring of Omihiveiw (left hand) {rPois rC+}
   (You found it in an ice cave)

   [ring of poison resistance]

   It protects you from cold.
   It protects you from poison.
 Z - a +3 amulet of reflection (around neck)
   (You found it on level 5 of the Lair of Beasts)
Wands
 d - a wand of iceblast (7)
   (You found it on level 14 of the Dungeon)
 t - a wand of flame (11)
   (You found it on level 1 of the Lair of Beasts)
 u - a wand of paralysis (16)
   (You took it off Pikel on level 4 of the Dungeon)
 v - a wand of digging (3)
   (You found it on level 3 of the Lair of Beasts)
Scrolls
 i - a scroll of identify {@r1}
 j - 7 scrolls of blinking
 k - 2 scrolls of immolation {!r}
 o - a scroll of teleportation {@r4}
 r - a scroll of holy word {unknown}
 y - 6 scrolls of magic mapping
 C - a scroll of summoning {unknown}
 J - 2 scrolls of fog
 L - 3 scrolls of amnesia
 Q - 13 scrolls of remove curse {@r2}
Potions
 f - 2 potions of haste {@q3}
 g - 3 potions of mutation {!q}
 l - 9 potions of brilliance
 m - 3 potions of invisibility
 p - 4 potions of curing {@q1}
 z - 2 potions of degeneration {!q}
 B - 5 potions of cancellation
 E - 2 potions of resistance {unknown}
 F - 5 potions of agility
 I - 3 potions of magic
 M - 2 potions of might
 R - 4 potions of flight
 T - 3 potions of lignification {!q}
Miscellaneous
 c - a phantom mirror
 S - a sack of spiders
 W - a lightning rod (4/4) {!a}
   (You found it in an ice cave)
Comestibles
 e - 20 rations {!d}


   Skills:
 + Level 14.9 Fighting
 + Level 2.8 Throwing
 + Level 8.9 Armour
 - Level 3.0 Dodging
 - Level 1.4 Stealth
 - Level 9.0 Shields
 + Level 9.3 Spellcasting
 * Level 9.3 Conjurations
   Level 3.2 Charms
 - Level 3.0 Translocations
 - Level 12.0 Ice Magic
 - Level 8.3 Invocations


You had 23 spell levels left.
You knew the following spells:

 Your Spells              Type           Power        Failure   Level  Hunger
a - Freeze                Ice            ####         1%          1    None
c - Throw Icicle          Conj/Ice       ###.....     1%          4    ###....
q - Blink                 Tloc           N/A          5%          2    None
x - Throw Frost           Conj/Ice       ###...       1%          2    None

Your spell library contained the following spells:

 Spells                   Type           Power        Failure   Level  Hunger
 Flame Tongue             Conj/Fire      ##...        1%          1    None
 Magic Dart               Conj           ###.         1%          1    None
 Searing Ray              Conj           ###...       1%          2    None
 Ozocubu's Armour         Chrm/Ice       ###.....     1%          3    None
 Iskenderun's Mystic Bla  Conj           ###.....     2%          4    ###....
 Apportation              Tloc           #.....       3%          1    None
 Shroud of Golubria       Chrm/Tloc      #.....       4%          2    None
 Dazzling Spray           Conj/Hex       ##....       5%          3    None
 Stone Arrow              Conj/Erth      ##....       5%          3    None
 Force Lance              Conj/Tloc      ###.....     10%         4    ###....
 Gell's Gravitas          Tloc           #.........   11%         3    None
 Lesser Beckoning         Tloc           #.........   11%         3    None
 Mephitic Cloud           Conj/Pois/Air  #.......     11%         3    None
 Teleport Other           Tloc           #.......     11%         3    None
 Ice Form                 Ice/Tmut       ##......     11%         4    ###....
 Summon Ice Beast         Ice/Summ       ##......     11%         4    ###....
 Animate Skeleton         Necr           N/A          12%         1    None
 Beastly Appendage        Tmut           #.....       12%         1    None
 Confusing Touch          Hex            #.....       12%         1    None
 Summon Butterflies       Summ           #.......     12%         1    None
 Summon Small Mammal      Summ           #...         12%         1    None
 Ozocubu's Refrigeration  Ice            ####......   14%         6    ######.
 Fulminant Prism          Conj/Hex       ##........   19%         4    ###....
 Sticky Flame             Conj/Fire      ##......     19%         4    ###....
 Sticks to Snakes         Tmut           #.......     21%         2    None
 Sublimation of Blood     Necr           #.........   21%         2    None
 Bolt of Cold             Conj/Ice       ###.......   26%         6    ######.
 Metabolic Englaciation   Hex/Ice        ##........   32%         5    #####..
 Passage of Golubria      Tloc           N/A          36%         4    ###....
 Confuse                  Hex            #.......     38%         3    None
 Ignite Poison            Fire/Tmut/Pois #.......     38%         3    None
 Spider Form              Tmut/Pois      #.........   38%         3    None
 Tukima's Dance           Hex            #.......     38%         3    None
 Irradiate                Conj/Tmut      ##........   47%         5    #####..
 Lightning Bolt           Conj/Air       ##........   47%         5    #####..
 Freezing Cloud           Conj/Ice/Air   ###.......   73%         6    ######.
 Petrify                  Tmut/Erth      #.......     78%         4    ###....
 Simulacrum               Ice/Necr       ##........   86%         6    ######.
 Alistair's Intoxication  Tmut/Pois      #.......     98%         5    #####..
 Blade Hands              Tmut           #.........   98%         5    #####..
 Yara's Violent Unravell  Hex/Tmut       #.........   98%         5    #####..
 Invisibility             Hex            #.......     100%        6    ######.


Dungeon Overview and Level Annotations

Branches:
Dungeon (14/15)            Temple (1/1) D:5            Lair (6/6) D:11
 Shoals (0/4) Lair:3       Spider (0/4) Lair:2        Slime (0/5) Lair:6
    Orc (2/2) D:9             Elf (0/3) Orc:2        Vaults (0/5) D:14

Altars:
Ashenzari
Cheibriados
Dithmenos
Elyvilon
Fedhas
Gozag
Hepliaklqana
Kikubaaqudgha
Makhleb
Nemelex Xobeh
Okawaru
Qazlal
Ru
Sif Muna
Trog
Uskayaw
Vehumet
Wu Jian
Xom
Yredelemnul
Zin
The Shining One
Beogh
Jiyva

Shops:
D:4 [*   D:5 (   D:7 *   Orc:2 [([=!

Portals:
Hell: Lair:6

Annotations:
D:10 1 runed translucent door
D:12 Jorgrun
D:14 Louise
Lair:5 1 runed translucent door, exclusion: oklob plant, xoxolimbo's ghost, journeyman DsFE
Lair:6 1 runed translucent door


Innate Abilities, Weirdness & Mutations

You are too large for most types of armour.
You have tough skin. (AC +1)
[You have an uncontrollable temper.]
[Scrolls take you a little longer to read.]
[Your body sometimes deteriorates upon taking damage.]
[You are dopey. (Int -2)]
[You are extremely frail. (-30% HP)]
[Your magical capacity is extremely low. (-30% MP)]
[You sometimes yell uncontrollably at your foes.]
[You are sometimes teleported next to monsters.]
[You are very weak. (Str -4)]
[Potions are poor at restoring your health.]
[Your spells are much easier to cast, but much less powerful.]


Message History

Your angel misses the chaos spawn.
Your angel hits the chaos spawn with a +1 whip of holy wrath.
The chaos spawn convulses.
The chaos spawn closely misses your angel.
A smoke demon comes into view.
Your angel hits the chaos spawn with a +1 whip of holy wrath!
The chaos spawn convulses!
The chaos spawn dies!
The Shining One accepts your kill.
The chaos spawn degenerates into a cloud of primal chaos!
A starcursed mass comes into view.
What are your orders? t - Yell!
Orders for allies: a - Attack new target. r - Retreat! s - Stop attacking. g - Guard the area. f - Follow me.
Anything else - Cancel.
Gang up on whom?
Aim: a starcursed mass (haloed) Attack!
A starcursed mass splits.
Your angel is engulfed in seething chaos.
Wisps of condensation drift from your angel's hands.
Your angel hits the starcursed mass with a +1 whip of holy wrath!
The starcursed mass shudders and is absorbed by its neighbour.
A starcursed mass splits.
A chorus of shrieks assaults your mind.
* * * LOW HITPOINT WARNING * * *
What are your orders? t - Yell!
Orders for allies: a - Attack new target. r - Retreat! s - Stop attacking. g - Guard the area. f - Follow me.
Anything else - Cancel.
Gang up on whom?
Aim: a starcursed mass (lightly damaged, haloed) Attack!
A starcursed mass splits. x2
A chorus of shrieks assaults your mind. The Shining One protects you from harm!
Your angel hits the starcursed mass with a +1 whip of holy wrath.
The starcursed mass shudders and is absorbed by its neighbour.
An iron shot appears from out of your range of vision.
The iron shot hits your angel!!
You can't see any susceptible monsters within range! (Use Z to cast anyway.)
Aim: a smoke demon (haloed)
The shard of ice hits the smoke demon.
Your angel hits the starcursed mass but does no damage.
Your angel hits the starcursed mass with a +1 whip of holy wrath.
The smoke demon gestures at you. Something smites you!
You die...

#. .§. .#
# ..# . .
..§ X# #
###.. . #
x
..#3#X####
. ..#AX..
.. #...# #
# #@# . .
.. #.# ###
.. . # ..
.. . . .
.. . . . .
# . . .. .
# . . # ..
. #. ## .
. .. .. #
.. . . ...
.


You could see 3 starcursed masses, a smoke demon and a friendly angel.

Vanquished Creatures
  Gastronok (D:11)
  An orc warlord (Orc:2)
  A hydra (D:11)
  8 vault guards
  Erolcha (D:9)
  An ogre mage (D:9)
  4 two-headed ogres
  4 centaur warriors
  A tengu warrior (D:13)
  Urug (Orc:2)
  A sixfirhy (Lair:6)
  A wizard (Lair:6)
  Pikel (D:4)
  A lindwurm (Lair:6)
  4 oklob plants (Lair:1)
  4 orc knights
  2 orc sorcerers
  A cyclops (Orc:1)
  8 ugly things
  A manticore (D:14)
  7 black mambas
  4 elephants
  A merfolk siren (Lair:3)
  A centaur zombie (D:13)
  3 ice statues (IceCv)
  7 spiny frogs
  An orange demon (Lair:6)
  3 centaur skeletons
  4 rime drakes
  A gargoyle (D:13)
  2 large abominations (Abyss:3)
  5 komodo dragons
  An ancient zyme (Abyss:3)
  A hellwing (Lair:6)
  A red devil (Lair:6)
  A jumping spider (Lair:2)
  3 merfolk (Lair:3)
  2 tengu conjurers (D:14)
  A queen bee (Lair:2)
  3 ice devils (Lair:6)
  The ghost of Ashiichan the Covert, a novice FeMo of Wu Jian (Orc:1)
  5 trolls
  Prince Ribbit (D:6)
  2 hornets
  A raiju (Lair:5)
  6 slime creatures
  A dream sheep (Lair:6)
  11 hippogriffs
  18 blink frogs
  A flying skull (Abyss:3)
  6 wyverns
  Sigmund (D:4)
  43 yaks
  Eustachio (D:5)
  4 basilisks
  3 hungry ghosts
  3 vampire mosquitoes (D:14)
  4 wargs
  An acid dragon (D:13)
  7 hell hounds
  Duvessa (D:5)
  18 water moccasins
  7 porcupines
  A sky beast (D:11)
  A slave (D:3)
  12 ice beasts
  11 wolves
  A hornet zombie (D:11)
  30 orc warriors
  An eye of draining (D:10)
  4 phantoms
  17 ogres
  15 centaurs
  13 crocodiles
  2 small abominations (Abyss:3)
  17 bullfrogs
  Dowan (D:5)
  2 scorpions (D:6)
  29 killer bees
  5 wights (D:6)
  4 howler monkeys
  An electric eel (Lair:3)
  2 bullfrog zombies
  3 crimson imps
  3 bullfrog skeletons
  4 jellies
  A hound (D:12)
  13 orc priests
  14 orc wizards
  Jessica (D:3)
  4 iguanas
  10 worker ants
  2 hound zombies
  2 hound skeletons
  2 worker ant zombies
  4 gnolls (D:3)
  2 adders
  A howler monkey skeleton (D:5)
  A shadow imp (D:5)
  An adder skeleton (D:7)
  3 worms
  2 dart slugs
  3 leopard geckos
  84 orcs
  5 bats
  3 giant cockroaches
  6 goblins
  4 hobgoblins
  7 jackals
  2 kobolds
  6 quokkas
  3 frilled lizards
  A giant cockroach zombie (D:5)
  A jackal skeleton (D:6)
  3 leopard gecko skeletons
  A quokka skeleton (D:4)
  8 rats
  2 plants (Lair:3)
626 creatures vanquished.

Vanquished Creatures (collateral kills)
  A stone giant (Orc:2)
  A thrashing horror (Abyss:3)
  A wretched star (Abyss:3)
  A sixfirhy (Abyss:3)
  A deep elf mage (Abyss:3)
  An ancient zyme (Abyss:3)
  A raiju (Abyss:3)
  3 flying skulls (Abyss:3)
  A small abomination (Abyss:3)
  A hungry ghost (Abyss:3)
  2 chaos spawn (Abyss:3)
  A hell hound (Abyss:3)
  An ufetubus (Abyss:3)
16 creatures vanquished.

Vanquished Creatures (others)
  A centaur warrior (D:13)
  An orc knight (Orc:2)
  A wizard (D:7)
  Grinder (D:4)
  A raiju (Abyss:3)
  6 orc warriors (Orc:2)
  7 centaurs
  An ufetubus (Abyss:3)
  3 orcs (Orc:2)
  8 fungi
  A lurking horror (Abyss:3)
  7 plants
38 creatures vanquished.

Grand Total: 680 creatures vanquished

Notes
Turn   | Place    | Note
-------+----------+-------------------------------------------
     0 | D:1      | MachJacob the Ogre Ice Elementalist began the quest for the
                  | Orb.
     0 | D:1      | Reached XP level 1. HP: 16/16 MP: 3/3
   238 | D:1      | Found a glowing golden altar of the Shining One.
   272 | D:1      | Became a worshipper of the Shining One
   407 | D:1      | Reached XP level 2. HP: 24/24 MP: 3/5
   411 | D:1      | Learned a level 2 spell: Throw Frost
   616 | D:1      | Reached skill level 1 in Conjurations
  1273 | D:2      | Reached XP level 3. HP: 22/31 MP: 0/7
  1310 | D:2      | Learned a level 3 spell: Ozocubu's Armour
  2172 | D:3      | Reached XP level 4. HP: 39/39 MP: 1/8
  2615 | D:3      | Noticed Jessica
  2618 | D:3      | Killed Jessica
  2729 | D:3      | Reached XP level 5. HP: 45/45 MP: 6/9
  3032 | D:3      | Found a shimmering altar of Xom.
  3032 | D:3      | Found an ancient bone altar of Kikubaaqudgha.
  3036 | D:3      | Found a burning altar of Makhleb.
  3036 | D:3      | Found a stormy altar of Qazlal.
  3039 | D:3      | Found a blossoming altar of Fedhas.
  3648 | D:4      | Found an iron altar of Okawaru.
  3650 | D:4      | Noticed an ogre
  3728 | D:4      | Reached XP level 6. HP: 38/53 MP: 11/11
  3904 | D:4      | Found Oschic's Antique Armour Emporium.
  3961 | D:4      | Noticed a slave
  3984 | D:3      | Killed a slave
  4523 | D:4      | Found Mmyng's Merry Market.
  4578 | D:4      | Found a snail-covered altar of Cheibriados.
  4580 | D:4      | Reached * piety under the Shining One
  4651 | D:4      | Noticed a slave
  4691 | D:5      | Entered Level 5 of the Dungeon
  4691 | D:5      | Noticed Eustachio
  4877 | D:5      | Reached XP level 7. HP: 51/59 MP: 5/13
  4892 | D:5      | Reached skill level 1 in Shields
  4927 | D:5      | Noticed Duvessa
  4929 | D:5      | Noticed Grinder
  4980 | D:4      | Noticed Pikel
  4991 | D:4      | Killed Pikel
  4991 | D:4      | Reached skill level 5 in Ice Magic
  4991 | D:4      | Reached XP level 8. HP: 50/67 MP: 7/15
  5075 | D:4      | Reached skill level 5 in Spellcasting
  5323 | D:4      | Killed Grinder
  5323 | D:4      | Reached skill level 1 in Fighting
  5323 | D:4      | Reached skill level 1 in Charms
  5659 | D:5      | Noticed Sigmund
  5768 | D:4      | Killed Sigmund
  5768 | D:4      | Reached skill level 2 in Fighting
  6040 | D:6      | Reached ** piety under the Shining One
  6142 | D:5      | Killed Eustachio
  6142 | D:5      | Reached skill level 3 in Fighting
  6142 | D:5      | Reached XP level 9. HP: 66/81 MP: 4/16
  6220 | D:5      | Reached skill level 5 in Shields
  6285 | D:5      | Noticed Dowan
  6302 | D:5      | Killed Duvessa
  6303 | D:5      | Killed Dowan
  6384 | D:5      | Found Itunataydgh's Antique Weapon Shoppe.
  6472 | D:5      | Found a staircase to the Ecumenical Temple.
  6664 | Temple   | Entered the Ecumenical Temple
  6814 | D:6      | Reached skill level 4 in Fighting
  6928 | D:6      | Noticed Prince Ribbit
  6937 | D:6      | Killed Prince Ribbit
  7058 | D:6      | Reached skill level 5 in Fighting
  8046 | D:7      | Reached skill level 6 in Fighting
  8317 | D:7      | Got a pitted lead amulet
  8339 | D:7      | Identified 2 scrolls of acquirement
  8376 | D:7      | Identified the amulet "Yczaujy" {Spirit Int+3} (You found
                  | it on level 7 of the Dungeon)
  8414 | D:7      | Found Wotitt's Assorted Antiques.
  8601 | D:7      | Reached skill level 1 in Armour
  8601 | D:7      | Reached XP level 10. HP: 95/100 MP: 17/17
  8776 | D:7      | Found a bloodstained altar of Trog.
  8777 | D:7      | Noticed a wizard
  8782 | D:7      | Killed a wizard
  8943 | D:7      | Reached skill level 7 in Fighting
  9021 | D:7      | Found a shattered altar of Ashenzari.
  9087 | D:8      | Got an ichor-stained cloak
  9317 | D:8      | Noticed a two-headed ogre
  9338 | D:8      | Killed a two-headed ogre
  9386 | D:8      | Reached *** piety under the Shining One
  9853 | D:9      | Reached skill level 8 in Fighting
 10196 | D:9      | Found a staircase to the Orcish Mines.
 10332 | D:9      | Found a shadowy altar of Dithmenos.
 10510 | D:9      | Identified the +2 cloak of the Turtledove {+Fly rPois MR-
                  | Int+2} (You acquired it on level 8 of the Dungeon)
 10712 | D:9      | Reached skill level 1 in Invocations
 10885 | D:10     | Entered Level 10 of the Dungeon
 11036 | D:10     | Reached XP level 11. HP: 107/113 MP: 9/18
 11065 | D:10     | Noticed a centaur warrior
 11093 | D:10     | Killed a centaur warrior
 11093 | D:10     | Reached skill level 5 in Armour
 11363 | D:10     | Noticed an ogre mage
 11456 | D:10     | Reached skill level 9 in Fighting
 11469 | D:9      | Killed an ogre mage
 11802 | D:10     | Found a runed translucent door.
 11802 | D:10     | Noticed a fire crab
 11809 | D:10     | Noticed a two-headed ogre
 12307 | D:10     | Noticed a two-headed ogre
 12647 | D:10     | Reached skill level 5 in Invocations
 12857 | D:10     | Noticed an entropy weaver
 12985 | D:11     | Found a staircase to the Lair.
 13052 | D:11     | Found a frozen archway.
 13061 | IceCv    | Entered an ice cave
 13061 | IceCv    | Reached **** piety under the Shining One
 13321 | IceCv    | Noticed a white ugly thing
 13345 | IceCv    | Killed a white ugly thing
 13345 | IceCv    | Reached skill level 10 in Fighting
 14152 | IceCv    | Learned a level 4 spell: Throw Icicle
 15884 | IceCv    | Noticed a white ugly thing
 16341 | IceCv    | Reached XP level 12. HP: 101/126 MP: 0/19
 16519 | IceCv    | Got a smoking glass ring
 16601 | D:11     | Noticed Gastronok
 16746 | D:11     | Noticed a four-headed hydra
 16765 | D:11     | Killed a four-headed hydra
 17272 | D:11     | Killed Gastronok
 17368 | Lair:1   | Entered Level 1 of the Lair of Beasts
 17668 | D:11     | Reached skill level 11 in Fighting
 19999 | Lair:2   | Reached skill level 12 in Fighting
 19999 | Lair:2   | Reached XP level 13. HP: 127/140 MP: 12/20
 20084 | Lair:2   | Found a hole to the Spider Nest.
 20798 | Lair:2   | Identified the ring of Omihiveiw {rPois rC+} (You found it
                  | in an ice cave)
 21425 | Lair:3   | Reached skill level 5 in Conjurations
 21995 | Lair:3   | Found a staircase to the Shoals.
 23688 | Lair:5   | Noticed Sonja
 23776 | Lair:5   | Noticed Sonja
 23776 | Lair:5   | Sonja changed into Sonja the raiju
 23857 | Lair:5   | Killed Sonja the raiju
 24179 | Lair:5   | Reached ***** piety under the Shining One
 25217 | Lair:5   | You fall into a shaft and drop 1 floor!
 25217 | Lair:6   | Entered Level 6 of the Lair of Beasts
 25345 | Lair:6   | Reached skill level 10 in Ice Magic
 25631 | Lair:5   | Found a runed translucent door.
 25631 | Lair:5   | Found a shimmering altar of Xom.
 25631 | Lair:5   | Noticed xoxolimbo's ghost (journeyman DsFE)
 25632 | Lair:5   | Identified the +1 battleaxe of Opsinwym {chaos, Stlth+}
 25877 | Lair:6   | Reached skill level 13 in Fighting
 26669 | Lair:6   | Reached XP level 14. HP: 152/153 MP: 7/23
 27112 | Lair:6   | Found a runed translucent door.
 27112 | Lair:6   | Found a viscous altar of Jiyva.
 27112 | Lair:6   | Found a staircase to the Slime Pits.
 28550 | Lair:6   | Found a burning altar of Makhleb.
 29204 | Lair:6   | Found a gateway to Hell.
 30277 | Orc:1    | Entered Level 1 of the Orcish Mines
 30277 | Orc:1    | Noticed Erolcha
 30286 | D:9      | Killed Erolcha
 31026 | Orc:1    | Noticed Ashiichan's ghost (novice FeMo)
 31028 | Orc:1    | Found a runed translucent gate.
 31028 | Orc:1    | Found a runed translucent gate.
 31028 | Orc:1    | Found a runed translucent gate.
 31269 | Orc:1    | Noticed an orc warlord
 31693 | Orc:2    | Entered Level 2 of the Orcish Mines
 32254 | Orc:2    | Reached skill level 14 in Fighting
 32945 | Orc:2    | Found Loopiaff's Armour Emporium.
 32950 | Orc:2    | Found a staircase to the Elven Halls.
 32959 | Orc:2    | Noticed Urug
 33131 | Orc:2    | Noticed a stone giant
 33157 | Orc:2    | Killed a stone giant
 33848 | Orc:2    | Killed Urug
 33855 | Orc:2    | Found a roughly hewn altar of Beogh.
 34377 | Orc:2    | Found Jeips's Jewellery Shoppe.
 34377 | Orc:2    | Found Sail's Armour Shop.
 34380 | Orc:2    | Found Kanom's Distillery.
 34382 | Orc:2    | Found Nod Cite's Weapon Boutique.
 34923 | Orc:2    | Killed an orc warlord
 35522 | Orc:1    | Killed Ashiichan's ghost
 35522 | Orc:1    | Reached XP level 15. HP: 153/165 MP: 14/27
 35737 | D:12     | Learned a level 2 spell: Blink
 35773 | D:12     | Noticed Jorgrun
 36007 | D:13     | Found a shimmering altar of Xom.
 36007 | D:13     | Found a shimmering altar of Xom.
 36008 | D:13     | Found a shimmering altar of Xom.
 36009 | D:13     | Found a shimmering altar of Xom.
 36014 | D:13     | Reached skill level 1 in Translocations
 37141 | D:13     | Identified the Tome of Weightlessness and Conjuration
 37794 | D:14     | Found a deep blue altar of Sif Muna.
 38032 | D:14     | Found the +2 cloak of the Thief {+Fog Slay-2 SInv Stlth+}
 38253 | D:13     | Reached skill level 1 in Throwing
 38751 | D:14     | Found a gate to the Vaults.
 40219 | D:14     | Noticed Louise
 40284 | D:14     | Cast into level 3 of the Abyss (Louise)
 40284 | Abyss:3  | Found a corrupted altar of Lugonu.
 40359 | Abyss:3  | Found a corrupted altar of Lugonu.
 40393 | Abyss:3  | Noticed a cacodemon
 40640 | Abyss:3  | Reached ****** piety under the Shining One
 40684 | Abyss:3  | Found an opulent altar of Gozag.
 40729 | Abyss:3  | HP: 4/132 [wretched star/orb of energy (18)]
 40748 | Abyss:3  | Found an opulent altar of Gozag.
 40757 | Abyss:3  | Noticed a cacodemon
 40761 | Abyss:3  | Gained mutation: [Potions are less effective at restoring
                  | your health.] [a cacodemon]
 40771 | Abyss:3  | HP: 5/115 [large abomination (16)]
 40788 | Abyss:3  | Found a corrupted altar of Lugonu.
 40803 | Abyss:3  | The Shining One protects you from harm!
 40820 | Abyss:3  | The Shining One protects you from harm!
 40930 | Abyss:3  | The Shining One protects you from harm!
 40931 | Abyss:3  | Killed from afar by a smoke demon

Levels and vault maps discovered:
D:1:      minmay_arrival_stair_chambers, layout_basic, minmay_tree_intersection,
          tso_metal_star
D:2:      layout_rooms
D:3:      layout_basic, grunt_temple_overflow_open, kennysheep_jessica_study
D:4:      layout_basic, overflow_temple_1_default, okawaru_metal_pillars_3,
          first_ration, serial_shops, kennysheep_mini, nicolae_alphabet_shops,
          uniq_pikel
D:5:      layout_cave_pools, minmay_temple_entry_poolview, serial_shops,
          nicolae_shop_waterfront, due_unseen_surprise, uniq_grinder,
          uniq_sigmund, uniq_duvessa, uniq_eustachio
D:6:      layout_loops_ring, uniq_prince_ribbit1
D:7:      layout_rooms, evilmike_ruin_ashenzari, serial_shops, shop,
          grunt_ogre_cave, chequers_garden, trog_wizard
D:8:      layout_basic
D:9:      layout_irregular_city, nicolae_overflow_hidden_temple, david_orc_3
D:10:     gammafunk_mikee_crab_dinner, layout_basic
D:11:     layout_roguey, david_lair_generic, portal_ice_cave_entry_pillars_1,
          uniq_gastronok
D:12:     layout_basic, uniq_psyche, uniq_jorgrun
D:13:     layout_basic, xom_shifter_show
D:14:     layout_roguey, erik_vaults_2, serial_glass, glass_columns_a,
          glass_columns_c, lemuel_blue_sif_altar, uniq_louise
Temple:   cyrus_circular_temple
Lair:1:   layout_gridlike, grunt_megastairs_4, minmay_lair_oklob_chamber,
          serial_bayou_shore_b
Lair:2:   layout_cave_pods, spider_nest_entry_rubble, special_room
          [special_room_bee]
Lair:3:   layout_cave_shapes, elwin_shoals_entry_stream,
          grunt_forest_small_clearings, eino_small_chamber_without_monster,
          serial_bayou_lagoon_a
Lair:4:   layout_gridlike, minmay_holes
Lair:5:   layout_gridlike, ebering_ghost_xom, minmay_lair_oklob_bushes,
          uniq_sonja
Lair:6:   evil_forest, layout_gridlike, slime_altar_2
Orc:1:    layout_diamond_mine, gammafunk_ghost_split, minmay_orc_barracks,
          uniq_erolcha
Orc:2:    st_orc_rangers, layout_caves, basic_altar, enter_volcano_3,
          serial_shops, shop_statue, uniq_urug
Abyss:3:  nicolae_abyss_rune_star_stuff, hangedman_decor_lopped

Skill      XL: |  1  2  3  4  5  6  7  8  9 10 11 12 13 14 15 |
---------------+----------------------------------------------+-----
Dodging        | 2 3 |  3.0
Ice Magic      | 3 4 5 6 8 10 11 12 | 12.0
Conjurations   | 1 2 3 7 8 9 |  9.3
Spellcasting   | 3 4 5 6 8 9 |  9.3
Shields        | 3 4 7 9 |  9.0
Fighting       | 3 6 8 10 12 13 14 | 14.9
Charms         | 3 |  3.2
Armour         | 1 4 7 8 |  8.9
Invocations    | 2 7 8 |  8.3
Translocations | 3 |  3.0
Throwing       | 2 |  2.8
Stealth        | |  1.4

Action                   |  1- 3 |  4- 6 |  7- 9 | 10-12 | 13-15 || total
-------------------------+-------+-------+-------+-------+-------++-------
Melee: Dagger            |    23 |    31 |   194 |   937 |   456 ||  1641
       Trident           |       |       |       |       |    68 ||    68
Throw: Stone             |    10 |     2 |    19 |    45 |    27 ||   103
 Cast: Freeze            |    58 |    26 |    66 |   467 |   883 ||  1500
       Throw Frost       |     5 |    48 |    65 |   171 |   502 ||   791
       Ozocubu's Armour  |       |       |     8 |       |       ||     8
       Throw Icicle      |       |       |       |    66 |   161 ||   227
       Blink             |       |       |       |       |     7 ||     7
Invok: Divine Shield     |       |       |       |       |     4 ||     4
       Cleansing Flame   |       |       |       |       |     4 ||     4
       Summon Divine War |       |       |       |       |     3 ||     3
Evoke: Wand              |       |       |       |       |     7 ||     7
  Use: Scroll            |     7 |     2 |     9 |    13 |    15 ||    46
       Potion            |       |       |       |       |     8 ||     8
  Eat: Chunk             |     4 |     7 |     6 |    19 |    58 ||    94
       Ration            |       |     1 |     2 |    13 |     7 ||    23
Armor: Robe              |    13 |    13 |    35 |       |       ||    61
       Ice dragon scales |       |       |    11 |   570 |   623 ||  1204
Dodge: Dodged            |    28 |    28 |    61 |   327 |   328 ||   772
Block: Shield            |       |     1 |    98 |   794 |  1163 ||  2056
       Reflection        |       |       |       |       |    90 ||    90

Table legend:
 A = Non-vault XP
 B = Vault XP
 C = Vault XP percentage of total XP
 D = Non-vault monster count
 E = Vault monster count
 F = Vault count percentage of total count
                 A         B        C        D         E       F
            +---------+---------+-------+---------+---------+-------
      Total |   75837 |   41013 |  35.1 |     492 |     168 |  25.5
            +---------+---------+-------+---------+---------+-------
        D:1 |      19 |       0 |   0.0 |      10 |       0 |   0.0
        D:2 |      55 |       0 |   0.0 |      22 |       0 |   0.0
        D:3 |     165 |      39 |  19.1 |      18 |       2 |  10.0
        D:4 |     378 |    1046 |  73.5 |      13 |       3 |  18.8
        D:5 |     358 |     421 |  54.0 |      15 |       3 |  16.7
        D:6 |    1329 |     291 |  18.0 |      24 |       1 |   4.0
        D:7 |    1199 |     122 |   9.2 |      16 |       1 |   5.9
        D:8 |    2004 |       0 |   0.0 |      16 |       0 |   0.0
        D:9 |    3933 |    1232 |  23.9 |      19 |       8 |  29.6
       D:10 |    3904 |       0 |   0.0 |      26 |       0 |   0.0
       D:11 |    3851 |    3092 |  44.5 |      23 |       5 |  17.9
       D:12 |      45 |       0 |   0.0 |       2 |       0 |   0.0
       D:13 |   10757 |    5953 |  35.6 |      44 |       6 |  12.0
       D:14 |    6183 |    2053 |  24.9 |      18 |       2 |  10.0
     Lair:1 |    3532 |    3867 |  52.3 |      17 |      11 |  39.3
     Lair:2 |    4792 |    1811 |  27.4 |      23 |      21 |  47.7
     Lair:3 |    2197 |    1410 |  39.1 |      13 |       4 |  23.5
     Lair:4 |    4702 |       0 |   0.0 |      23 |       0 |   0.0
     Lair:5 |    4824 |     271 |   5.3 |      23 |       1 |   4.2
     Lair:6 |    7224 |    8211 |  53.2 |      24 |      26 |  52.0
      Orc:1 |    4134 |    1596 |  27.9 |      33 |      21 |  38.9
      Orc:2 |    5924 |    5884 |  49.8 |      48 |      41 |  46.1
    Abyss:3 |    4328 |     526 |  10.8 |      22 |       1 |   4.3
      IceCv |       0 |    3188 | 100.0 |       0 |      11 | 100.0
            +---------+---------+-------+---------+---------+-------
